 Dungeon Crawl Stone Soup version 0.23.2-1-ga50397a (webtiles) character file.

Game seed: 13272183629477993739

1581 goulibeur the Skirmisher (level 8, -2/73 HPs)
             Began as a Grey Draconian Berserker on May 20, 2019.
             Was an Elder of Trog.
             Killed by divine providence
             ... invoked by an orc priest
              (14 damage)
             ... on level 6 of the Dungeon.
             The game lasted 00:21:58 (6046 turns).

goulibeur the Skirmisher (Grey Draconian Berserker) Turns: 6046, Time: 00:21:59

Health: -2/73      AC: 11    Str: 19      XL:     8   Next: 60%
Magic:  8/8        EV: 10    Int:  7      God:    Trog [****..]
Gold:   312        SH: 14    Dex: 13 (14) Spells: 7/7 levels left

rFire    . . .     SeeInvis .   t - +0 morningstar
rCold    . . .     Gourm    .   s - +0 large shield
rNeg     . . .     Faith    .   (armour unavailable)
rPois    +         Spirit   .   (helmet restricted)
rElec    .         Reflect  .   (no cloak)
rCorr    .         Harm     .   (no gloves)
MR       .....                  (no boots)
Stlth    +.........             (no amulet)
HPRegen  0.22/turn              m - ring of poison resistance
MPRegen  0.11/turn              (no ring)

@: berserk cooldown, hasted, very quick
A: walk through water, unfitting armour, unbreathing, cold-blooded, AC +11
a: Berserk, Trog's Hand, Brothers in Arms, Renounce Religion


You were on level 6 of the Dungeon.
You worshipped Trog.
Trog was greatly pleased with you.
You were near starving.

You visited 1 branch of the dungeon, and saw 6 of its levels.

You collected 312 gold pieces.

Inventory:

Hand Weapons
 a - a +0 mace
 t - a +0 morningstar (weapon)
Missiles
 d - 6 javelins
 h - 24 tomahawks
 y - 8 poisoned javelins (quivered)
Armour
 j - a +0 buckler
 s - a +0 large shield (worn)
Jewellery
 m - a ring of poison resistance (left hand)
Wands
 x - a wand of random effects (27)
Scrolls
 g - a scroll of enchant weapon {unknown}
 i - a scroll of teleportation {unknown}
 l - 2 scrolls of fog {unknown}
 o - 5 scrolls of identify
 p - a scroll of random uselessness {unknown}
 r - 2 scrolls of remove curse {unknown}
 v - a scroll of immolation {unknown}
 w - 3 scrolls of fear {unknown}
Potions
 e - a potion of ambrosia {unknown}
 f - a potion of cancellation {unknown}
 k - 2 potions of lignification {unknown}
 n - a potion of berserk rage {unknown}
 q - 2 potions of heal wounds {unknown}
Comestibles
 b - 4 rations
 u - 2 chunks of flesh


   Skills:
 * Level 7.2 Fighting
 * Level 6.4 Maces & Flails
 + Level 3.6 Throwing
 + Level 4.7 Dodging
 + Level 3.6 Shields


You had 7 spell levels left.
You didn't know any spells.
Your spell library was empty.

Dungeon Overview and Level Annotations

Branches:
Dungeon (6/15)             Temple (0/1) D:4

Altars:


Innate Abilities, Weirdness & Mutations

You can walk through water.
Your dull iron-grey scales are very hard. (AC +11)
You cannot fit into any form of body armour.
You can survive without breathing.
You are cold-blooded and may be slowed by cold attacks.


Message History

You hit the orc priest.
The orc priest is severely wounded.
You block the orc priest's attack.
You hit the orc priest but do no damage.
You tail-slap the orc priest, but do no damage.
The orc priest is severely wounded.
You feel yourself speed up. The orc priest barely misses you.
You hit the orc priest but do no damage.
You tail-slap the orc priest, but do no damage.
The orc priest is severely wounded.
The orc priest barely misses you.
You closely miss the orc priest.
Your tail-slap misses the orc priest.
The orc priest is severely wounded.
You block the orc priest's attack.
You barely miss the orc priest.
The orc priest is severely wounded.
The orc priest mumbles some strange prayers to Beogh against you.
Beogh smites you!
You die...

######## ###
##....... # #..
..?...
###.##.#####....
.. ..... ....#
##.##.#####..#
#......o@....#
......###)#####.#
####. #)#####<# #
#.......#
#...##..#
#.............
#.............
##............
#.#..#.......


You could see an orc priest.

Vanquished Creatures
  Grinder (D:4)
  An orc warrior (D:6)
  A phantom (D:4)
  2 centaurs
  2 ogres (D:4)
  2 scorpions
  A crimson imp (D:5)
  A quasit (D:5)
  4 hounds
  A jelly (D:5)
  2 orc priests
  2 iguanas
  2 orc wizards
  4 worker ants (D:5)
  A hound zombie (D:5)
  A hound skeleton (D:6)
  A gnoll (D:1)
  13 adders
  2 shadow imps
  5 worms
  3 dart slugs
  4 leopard geckos
  12 orcs
  A ball python (D:2)
  12 bats
  3 giant cockroaches
  8 goblins
  11 hobgoblins
  5 jackals
  4 kobolds
  6 quokkas
  6 frilled lizards
  3 leopard gecko skeletons
  13 rats
140 creatures vanquished.

Notes
Turn   | Place    | Note
-------+----------+-------------------------------------------
     0 | D:1      | goulibeur the Draconian Berserker began the quest for the
                  | Orb.
     0 | D:1      | Reached XP level 1. HP: 19/19 MP: 1/1
   139 | D:1      | Reached XP level 2. HP: 23/26 MP: 2/2
   292 | D:1      | Reached skill level 1 in Throwing
   353 | D:1      | Reached XP level 3. HP: 31/33 MP: 3/3
   369 | D:1      | Reached ** piety under Trog
  1311 | D:2      | Reached skill level 4 in Fighting
  1378 | D:2      | Reached XP level 4. HP: 40/40 MP: 4/4
  1962 | D:2      | Reached skill level 1 in Shields
  2425 | D:3      | Reached *** piety under Trog
  2551 | D:3      | Reached XP level 5. HP: 39/47 MP: 5/5
  3106 | D:4      | Noticed a phantom
  3149 | D:4      | Killed a phantom
  3149 | D:4      | Reached XP level 6. HP: 32/55 MP: 6/6
  3196 | D:4      | Reached skill level 5 in Fighting
  3501 | D:4      | Noticed Grinder
  3513 | D:4      | Killed Grinder
  3513 | D:4      | Reached skill level 5 in Maces & Flails
  3513 | D:4      | Your scales start taking on a dull iron-grey colour.
  3513 | D:4      | Reached XP level 7. HP: 57/62 MP: 7/7
  3513 | D:4      | Gained mutation: You can survive without breathing. [Grey
                  | Draconian growth]
  3826 | D:4      | You fall through a shaft!
  3826 | D:5      | Entered Level 5 of the Dungeon
  3924 | D:5      | Reached skill level 6 in Fighting
  4213 | D:5      | Reached **** piety under Trog
  4555 | D:5      | Reached XP level 8. HP: 61/71 MP: 8/8
  4700 | D:4      | Found a staircase to the Ecumenical Temple.
  5457 | D:5      | Received a gift from Trog
  5959 | D:6      | Reached skill level 7 in Fighting
  6017 | D:6      | Identified the cursed +1 hand axe of Power {freeze, rC++}
  6046 | D:6      | Killed from afar by an orc priest

Skill      XL: |  1  2  3  4  5  6  7  8 |
---------------+-------------------------+-----
Dodging        | 3 4 |  4.7
Throwing       | 1 2 3 |  3.6
Fighting       | 4 5 6 7 |  7.2
Shields        | 1 2 3 |  3.6
Maces & Flails | 4 5 6 |  6.4

Action                   |  1- 3 |  4- 6 |  7- 9 || total
-------------------------+-------+-------+-------++-------
Melee: Mace              |   103 |   173 |       ||   276
       Tailslap          |    10 |    20 |    27 ||    57
       Morningstar       |       |    17 |   259 ||   276
Throw: Tomahawk          |     4 |    13 |       ||    17
       Javelin           |       |    20 |    18 ||    38
Invok: Berserk           |       |     2 |     4 ||     6
  Use: Scroll            |       |     2 |       ||     2
       Potion            |       |       |     1 ||     1
 Stab: Sleeping          |     2 |     1 |       ||     3
  Eat: Chunk             |     2 |     8 |     8 ||    18
       Ration            |       |       |     1 ||     1
Armor: Skin              |    38 |    44 |   174 ||   256
Dodge: Dodged            |    80 |   108 |   121 ||   309
Block: Buckler           |     3 |    24 |       ||    27
       Large shield      |       |    26 |   253 ||   279
